 Dungeon Crawl Stone Soup version 0.29.1-4-g47bece8355 (webtiles) character file.

Game seed: 463906659355250267

159 GigaChad the Shield-Bearer (level 5, 0/47 HPs)
             Began as a Minotaur Fighter on Dec 7, 2022.
             Slain by an iron imp (8 damage)
             ... summoned by Natasha
             ... on level 3 of the Dungeon.
             The game lasted 00:02:01 (2361 turns).

GigaChad the Shield-Bearer (Minotaur Fighter)       Turns: 2361, Time: 00:02:01

Health: 0/47       AC:  7    Str: 22    XL:     5   Next: 17%
Magic:  4/4        EV:  9    Int:  5    God:
Gold:   149        SH:  5    Dex: 10    Spells: 4/4 levels left

rFire   . . .      SeeInvis .   a - +0 war axe
rCold   . . .      Faith    .   c - +0 buckler
rNeg    . . .      Spirit   .   b - +0 scale mail
rPois   .          Reflect  .   (helmet restricted)
rElec   .          Harm     .   (no cloak)
rCorr   .          Rampage  .   (no gloves)
Will    .....                   (no boots)
Stlth   ..........              (no amulet)
HPRegen 0.15/turn               (no ring)
MPRegen 0.09/turn               (no ring)

@: slowed, very slow
A: horns 2, retaliatory headbutt
a: no special abilities


You were on level 3 of the Dungeon.
You visited 1 branch of the dungeon, and saw 3 of its levels.

You collected 149 gold pieces.

Inventory:

Hand Weapons
 a - a +0 war axe (weapon)
 h - a +0 great sword
Armour
 b - a +0 scale mail (worn)
 c - a +0 buckler (worn)
Scrolls
 e - a scroll of enchant armour {unknown}
 f - a scroll of silence {unknown}
 g - 2 scrolls of identify {unknown}
 i - 3 scrolls of vulnerability {unknown}
 l - 2 scrolls of teleportation {unknown}
 m - a scroll of immolation {unknown}
Potions
 d - a potion of might
 j - a potion of magic {unknown}
 k - a potion of degeneration {unknown}
 n - a potion of cancellation {unknown}


   Skills:
 + Level 4.4 Fighting
 + Level 4.0 Axes
 + Level 4.4 Armour
 + Level 0.6 Dodging
 + Level 0.2 Stealth
 + Level 4.9 Shields


You had 4 spell levels left.
You didn't know any spells.
Your spell library contained the following spells:

 Spells                   Type           Power      Damage    Failure   Level
 Ensorcelled Hibernation  Hex/Ice        0%         N/A       95%         2
 Passwall                 Tmut/Erth      0%         N/A       95%         2
 Frozen Ramparts          Ice            0%         1d1       99%         3
 Swiftness                Air            0%         N/A       99%         3
 Ice Form                 Ice/Tmut       0%         N/A       100%        4
 Summon Ice Beast         Ice/Summ       0%         N/A       100%        4


Dungeon Overview and Level Annotations

Branches:
Dungeon (3/15)

Altars:

Annotations:
D:3 Natasha


Innate Abilities, Weirdness & Mutations

You have a pair of horns on your head.
You reflexively headbutt those who attack you in melee.


Message History

You hit the giant cockroach.
The giant cockroach is almost dead.
The giant cockroach closely misses you.
The giant cockroach bites you but does no damage.
You slash the giant cockroach!
You kill the giant cockroach!
You see here a giant cockroach corpse.
Natasha, Servant of Life and Death comes into view.
Natasha is nearby!
Natasha is nearby!
Natasha hisses angrily.
Natasha stares at you and mumbles some strange words.
You feel yourself slow down. Natasha claws you but does no damage.
Natasha mumbles some strange words.
The iron imp attacks as you move away! You block the iron imp's attack.
Natasha closely misses you.
You barely miss Natasha. You barely miss the iron imp. Natasha claws you.
You block Natasha's attack.
The iron imp hits you but does no damage.
Natasha claws you.
You barely miss Natasha. You slash the iron imp! The iron imp hits you!
You block Natasha's attack. The iron imp barely misses you. Natasha claws you.
You barely miss Natasha. You hit the iron imp but do no damage.
The iron imp hits you. Natasha claws you.
The iron imp hits you but does no damage.
You slash Natasha!
Natasha is severely wounded.
You closely miss the iron imp. You block Natasha's attack.
Natasha barely misses you. You furiously retaliate!
You headbutt Natasha. The iron imp hits you. Natasha barely misses you.
You barely miss Natasha.
Natasha is almost dead.
You barely miss the iron imp.
The iron imp hits you but does no damage.
Natasha casts a spell at you. The magic dart hits you!
* * * LOW HITPOINT WARNING * * *
The iron imp hits you!
You die...

#...# #######
#.#.# ......#
#.#.# #####.#
#.#.# #.#
###.#.# #.#
##...#.# #.#
##...##.# #.#
###....h#.####.#
#.#
#......@5......#
#.#
#.#.....#.######
#.# #.##...##.#
#.####.###.###.#
#####.>†.......#
#.#
...............#
#.#
#####...##.###.#
#.#
#...##.###.###.#
#...##.##...##.#


You could see an iron imp (summoned) and Natasha.

Vanquished Creatures
  Natasha (twice) (D:3)
  3 adders
  4 gnolls (D:2)
  A dart slug (D:1)
  4 endoplasms
  2 giant cockroaches
  4 goblins
  2 hobgoblins
  3 quokkas
  4 ball pythons
  6 bats
  2 frilled lizards
  5 kobolds
  6 rats
48 creatures vanquished.

Vanquished Creatures (others)
  2 fungi (D:3)
2 creatures vanquished.

Grand Total: 50 creatures vanquished

Notes
Turn   | Place    | Note
-------+----------+-------------------------------------------
     0 | D:1      | GigaChad the Minotaur Fighter began the quest for the Orb.
     0 | D:1      | Reached XP level 1. HP: 19/19 MP: 0/0
   339 | D:1      | Reached XP level 2. HP: 27/27 MP: 1/1
   879 | D:2      | Reached XP level 3. HP: 33/33 MP: 2/2
  1064 | D:2      | Reached XP level 4. HP: 40/41 MP: 3/3
  1492 | D:2      | Found a faded altar of an unknown god.
  1797 | D:3      | Noticed Natasha
  1809 | D:3      | Killed Natasha
  2206 | D:3      | Noticed Natasha
  2209 | D:3      | Killed Natasha
  2210 | D:3      | Reached XP level 5. HP: 47/47 MP: 4/4
  2352 | D:3      | Noticed Natasha
  2361 | D:3      | Slain by an iron imp

Illustrated notes

Levels and vault maps discovered:
D:1:      spicycebolla_arrival_clurvy, layout_loops_ring
D:2:      layout_loops_ring, shapermc_ecumenical_altar_pompeii
D:3:      layout_loops_ring, hangedman_decor_peaks_small,
          uniq_crazy_yiuf_cottage, uniq_natasha

Skill      XL: |  1  2  3  4 |
---------------+-------------+-----
Shields        | 4 |  4.9
Fighting       | 4 |  4.4
Armour         | 4 |  4.4
Axes           | 4 |  4.0
Dodging        | |  0.6
Stealth        | |  0.2

Action                   |  1- 3 |  4- 6 || total
-------------------------+-------+-------++-------
Melee: War axe           |    50 |    43 ||    93
       Headbutt          |     6 |     9 ||    15
Armor: Scale mail        |    22 |    21 ||    43
Dodge: Dodged            |    34 |    29 ||    63
Block: Buckler           |    20 |    13 ||    33
